| TOP OF THE 1ST |
|
Greeneville Astros batting - Pitching for Boston (APP) Red Sox : LHP Nick Barnes
|
|
Pitching: LHP Nick Barnes
|
|
|
Batting: RHB Jason Monico
|
0-0: Foul Ball, location: 2F 0-1: Ball 1-1: Swinging Strike 1-2: Foul Ball, location: 2F 1-2: Ball 2-2: Ball 3-2: Foul Ball, location: 2F 3-2: Strikes out looking
|
|
Batting: RHB Nate Britton
|
0-0: Ball 1-0: Ball 2-0: Ball 3-0: Called Strike 3-1: Called Strike 3-2: Fly out, F8 (Flyball, 89M, EV 92.5 MPH)
|
|
Batting: RHB Ryan Salas
|
0-0: Ball 1-0: Ball 2-0: Ground out 6-3 (Groundball, 6S, EV 81.9 MPH)
|
| Top of the 1st over - 0 runs, 0 hits, 0 errors, 0 left on base; Greeneville 0 - Boston (APP) 0 |
| BOTTOM OF THE 1ST |
|
Boston (APP) Red Sox batting - Pitching for Greeneville Astros : RHP Devin Spears
|
|
Pitching: RHP Devin Spears
|
|
|
Batting: LHB Stanislav Parusov
|
0-0: Ball 1-0: Foul Ball, location: 2F 1-1: Foul Ball, location: 2F 1-2: Strikes out swinging
|
|
Batting: RHB William Lung
|
0-0: Foul Ball, location: 2F 0-1: Ball 1-1: Ball 2-1: Ball 3-1: Base on Balls
|
|
Batting: LHB Frank Olivo
|
0-0: Called Strike 0-1: Ball Wild Pitch! William Lung to second 1-1: Swinging Strike 1-2: DOUBLE (Flyball, 8RXD, EV 101.9 MPH) William Lung scores
|
|
Batting: RHB Frank Sokolosky
|
0-0: Ball 1-0: Ball 2-0: Foul Ball, location: 2F 2-1: Ball 3-1: Foul Ball, location: 2F 3-2: Base on Balls
|
|
Pitching: RHP Jon Davis
|
|
|
Batting: RHB Matt Hinkle
|
0-0: Foul Ball, location: 2F 0-1: Ball 1-1: Ball 2-1: Foul Ball, location: 2F 2-2: Strikes out swinging
|
|
Batting: RHB Mike Strey
|
0-0: Ball 1-0: Called Strike 1-1: Foul Ball, location: 2F 1-2: Foul Ball, location: 2F 1-2: Foul Ball, location: 2F 1-2: Fly out, F9 (Flyball, 9, EV 78.8 MPH)
|
| Bottom of the 1st over - 1 run, 1 hit, 0 errors, 2 left on base; Greeneville 0 - Boston (APP) 1 |
| TOP OF THE 2ND |
|
Greeneville Astros batting - Pitching for Boston (APP) Red Sox : LHP Nick Barnes
|
|
Batting: RHB Ramon Castellon
|
0-0: Called Strike 0-1: Ball 1-1: Foul Ball, location: 2F 1-2: Foul Ball, location: 2F 1-2: Ball 2-2: Foul Ball, location: 2F 2-2: Ball 3-2: Base on Balls
|
|
Batting: RHB Bruce Bermudez
|
0-0: Called Strike 0-1: Called Strike 0-2: Ball 1-2: Ball Wild Pitch! Ramon Castellon to second 2-2: Strikes out swinging
|
|
Batting: RHB Jorge Gutierrez
|
0-0: Ball 1-0: Ground out 5-3 (Groundball, 56S, EV 67.5 MPH) Ramon Castellon to third
|
|
Batting: LHB Josh Birkner
|
0-0: Ball 1-0: Fly out, F7 (Line Drive, 7, EV 86.2 MPH)
|
| Top of the 2nd over - 0 runs, 0 hits, 0 errors, 1 left on base; Greeneville 0 - Boston (APP) 1 |
| BOTTOM OF THE 2ND |
|
Boston (APP) Red Sox batting - Pitching for Greeneville Astros : RHP Jon Davis
|
|
Batting: RHB Dominique Paolozzi
|
0-0: Called Strike 0-1: Hit by Pitch
|
|
Batting: RHB Rogelio Cervantes
|
0-0: Called Strike 0-1: DOUBLE (Line Drive, 89M, EV 110.0 MPH) Dominique Paolozzi to third Runner from 3rd tries for Home, SAFE, no throw by CF
|
|
Batting: RHB Joe Booth
|
0-0: Ball 1-0: Ball 2-0: Ball 3-0: Called Strike 3-1: Base on Balls
|
|
Pitching: LHP Mark Sanders
|
|
|
Batting: LHB Stanislav Parusov
|
0-0: Ball 1-0: Fielders Choice at 2nd, 4-6 (Groundball, 4D, EV 105.0 MPH) Rogelio Cervantes to third
|
|
Batting: RHB William Lung
|
0-0: Ball 1-0: Called Strike 1-1: Ball Stanislav Parusov steals 2nd base 2-1: Ball 3-1: Base on Balls
|
|
Batting: LHB Frank Olivo
|
0-0: Ball 1-0: Called Strike 1-1: Fielders Choice at 2nd, 6-4 (Groundball, 6M, EV 103.8 MPH) Rogelio Cervantes scores Stanislav Parusov to third
|
|
Batting: RHB Frank Sokolosky
|
0-0: Ball 1-0: Ball 2-0: Called Strike 2-1: Foul Ball, location: 2F 2-2: Ball 3-2: Base on Balls Frank Olivo to second
|
|
Batting: RHB Matt Hinkle
|
0-0: Ball 1-0: SINGLE (Groundball, 6MD, EV 110.6 MPH) Stanislav Parusov scores Frank Olivo to third Frank Sokolosky to second
|
|
Pitching: LHP Ruben Rojas
|
|
|
Batting: RHB Mike Strey
|
0-0: Called Strike 0-1: Ball 1-1: Ball 2-1: Foul Ball, location: 2F 2-2: Ball 3-2: Base on Balls Frank Olivo scores Frank Sokolosky to third Matt Hinkle to second
|
|
Batting: RHB Dominique Paolozzi
|
0-0: Foul Ball, location: 2F 0-1: Ball Passed Ball! Frank Sokolosky scores Matt Hinkle to third Mike Strey to second 1-1: Ball 2-1: SINGLE (Line Drive, 4MD, EV 103.8 MPH) Matt Hinkle scores Mike Strey to third
|
|
Batting: RHB Rogelio Cervantes
|
0-0: SINGLE (Flyball, 56D, EV 91.9 MPH) Mike Strey scores Dominique Paolozzi to second
|
|
Batting: RHB Joe Booth
|
0-0: Called Strike 0-1: Ball 1-1: Called Strike 1-2: Foul Ball, location: 2F 1-2: Strikes out swinging
|
| Bottom of the 2nd over - 7 runs, 4 hits, 0 errors, 2 left on base; Greeneville 0 - Boston (APP) 8 |
| TOP OF THE 3RD |
|
Greeneville Astros batting - Pitching for Boston (APP) Red Sox : LHP Nick Barnes
|
|
Batting: RHB Erik Smith
|
0-0: Called Strike 0-1: SOLO HOME RUN (Flyball, 9LD, EV 91.2 MPH), Distance : 339 ft
|
|
Batting: LHB Jimmy Edlin
|
0-0: Ball 1-0: Ball 2-0: Called Strike 2-1: Foul Ball, location: 2F 2-2: Ball 3-2: Ground out U3 (Groundball, 3, EV 76.2 MPH)
|
|
Batting: RHB Jason Monico
|
0-0: Ground out 6-3 (Groundball, 6S, EV 84.4 MPH)
|
|
Batting: RHB Nate Britton
|
0-0: Ball 1-0: Called Strike 1-1: Ball 2-1: Foul Ball, location: 2F 2-2: Ball 3-2: Ground out 6-3 (Groundball, 6, EV 91.2 MPH)
|
| Top of the 3rd over - 1 run, 1 hit, 0 errors, 0 left on base; Greeneville 1 - Boston (APP) 8 |
| BOTTOM OF THE 3RD |
|
Boston (APP) Red Sox batting - Pitching for Greeneville Astros : LHP Ruben Rojas
|
|
Batting: LHB Stanislav Parusov
|
0-0: Called Strike 0-1: Ball 1-1: Ball 2-1: Ground out 5-3 (Groundball, 56, EV 80.0 MPH)
|
|
Pitching: RHP James Browning
|
|
|
Batting: RHB William Lung
|
0-0: Called Strike 0-1: Ball 1-1: Ball 2-1: Ball 3-1: Called Strike 3-2: Base on Balls
|
|
Batting: LHB Frank Olivo
|
0-0: Ball 1-0: Ball 2-0: Ball 3-0: Base on Balls William Lung to second
|
|
Batting: RHB Frank Sokolosky
|
0-0: Called Strike 0-1: Ball 1-1: Foul Ball, location: 2F 1-2: Foul Ball, location: 2F 1-2: Ball 2-2: DOUBLE (Line Drive, 3D, EV 100.0 MPH) William Lung scores Frank Olivo to third Runner from 3rd tries for Home, SAFE, no throw by RF
|
|
Batting: RHB Matt Hinkle
|
0-0: SINGLE (Flyball, 9S, EV 88.8 MPH) Frank Sokolosky to third Runner from 3rd tries for Home, throw by RF and OUT! 9-2
|
|
Batting: RHB Mike Strey
|
0-0: Called Strike 0-1: 2-RUN HOME RUN (Flyball, 78XD, EV 106.9 MPH), Distance : 403 ft
|
|
Pitching: RHP Calisto Morda
|
|
|
Batting: RHB Dominique Paolozzi
|
0-0: Called Strike 0-1: Ground out 5-3 (Groundball, 56S, EV 82.5 MPH)
|
| Bottom of the 3rd over - 4 runs, 3 hits, 0 errors, 0 left on base; Greeneville 1 - Boston (APP) 12 |
| TOP OF THE 4TH |
|
Greeneville Astros batting - Pitching for Boston (APP) Red Sox : LHP Nick Barnes
|
|
Batting: RHB Ryan Salas
|
0-0: Called Strike 0-1: Ball 1-1: Ball 2-1: Foul Ball, location: 2F 2-2: Ball 3-2: Foul Ball, location: 2F 3-2: Strikes out swinging
|
|
Batting: RHB Ramon Castellon
|
0-0: Ball 1-0: Called Strike 1-1: Swinging Strike 1-2: Strikes out looking
|
|
Batting: RHB Bruce Bermudez
|
0-0: Swinging Strike 0-1: Hit by Pitch
|
|
Batting: RHB Jorge Gutierrez
|
0-0: Ball 1-0: Called Strike 1-1: Ball 2-1: Ground out 4-3 (Groundball, 4M, EV 106.9 MPH)
|
| Top of the 4th over - 0 runs, 0 hits, 0 errors, 1 left on base; Greeneville 1 - Boston (APP) 12 |
| BOTTOM OF THE 4TH |
|
Boston (APP) Red Sox batting - Pitching for Greeneville Astros : RHP Calisto Morda
|
|
Batting: RHB Rogelio Cervantes
|
0-0: Called Strike 0-1: Ball 1-1: Called Strike 1-2: Ball 2-2: TRIPLE (Flyball, 89XD, EV 100.0 MPH)
|
|
Batting: RHB Joe Booth
|
0-0: Ball 1-0: Foul Ball, location: 2F 1-1: Ball 2-1: Called Strike 2-2: Foul Ball, location: 2F 2-2: Ball 3-2: Base on Balls
|
|
Batting: LHB Stanislav Parusov
|
0-0: Foul Ball, location: 2F 0-1: Ball 1-1: Ball 2-1: Ball 3-1: Base on Balls Joe Booth to second
|
|
Pitching: LHP Kyle Moore
|
|
|
Batting: RHB William Lung
|
0-0: Called Strike 0-1: Foul Ball, location: 2F 0-2: Ball 1-2: Foul Ball, location: 2F 1-2: Foul Ball, location: 2F 1-2: Ball 2-2: Fly out, F8 (Flyball, 8RM, EV 81.9 MPH) Runner from 3rd tags up, SCORES, no throw by CF
|
|
Batting: LHB Frank Olivo
|
0-0: Ball Wild Pitch! Joe Booth to third Stanislav Parusov to second 1-0: Ball 2-0: Foul Ball, location: 2F 2-1: SINGLE (Groundball, 56, EV 104.4 MPH) Joe Booth scores Stanislav Parusov to third
|
|
Batting: RHB Frank Sokolosky
|
0-0: SINGLE (Groundball, 6D, EV 101.2 MPH) Stanislav Parusov scores Frank Olivo to second
|
|
Batting: RHB Matt Hinkle
|
0-0: Ball 1-0: Foul Ball, location: 2F 1-1: Ball 2-1: Foul Ball, location: 2F 2-2: Ball 3-2: Foul Ball, location: 2F 3-2: SINGLE (Groundball, 13, EV 75.6 MPH) (infield hit) Frank Olivo to third Frank Sokolosky to second
|
|
Pitching: RHP Guo-ning Chen
|
|
|
Batting: RHB Mike Strey
|
0-0: Ball Wild Pitch! Frank Olivo scores Frank Sokolosky to third Matt Hinkle to second 1-0: Foul Ball, location: 2F 1-1: Ball 2-1: Ground out 5-3 (Groundball, 56, EV 106.2 MPH) Frank Sokolosky scores
|
|
Batting: RHB Dominique Paolozzi
|
0-0: Called Strike 0-1: SINGLE (Line Drive, 6D, EV 94.4 MPH) Matt Hinkle to third Runner from 3rd tries for Home, SAFE, throw by CF to home
|
|
Batting: RHB Rogelio Cervantes
|
0-0: SINGLE (Groundball, 56D, EV 96.9 MPH) Dominique Paolozzi to second
|
|
Batting: RHB Joe Booth
|
0-0: Swinging Strike 0-1: Ball 1-1: 3-RUN HOME RUN (Flyball, 89XD, EV 108.8 MPH), Distance : 410 ft
|
|
Batting: LHB Stanislav Parusov
|
0-0: Ball 1-0: Ball 2-0: Called Strike 2-1: Called Strike 2-2: Ball 3-2: Base on Balls
|
|
Batting: RHB William Lung
|
0-0: Ball 1-0: Ground out 4-3 (Groundball, 4, EV 89.4 MPH)
|
| Bottom of the 4th over - 9 runs, 7 hits, 0 errors, 1 left on base; Greeneville 1 - Boston (APP) 21 |
| TOP OF THE 5TH |
|
Greeneville Astros batting - Pitching for Boston (APP) Red Sox : LHP Nick Barnes
|
|
Batting: LHB Josh Birkner
|
0-0: Fly out, F9 (Flyball, 89M, EV 80.6 MPH)
|
|
Batting: RHB Erik Smith
|
0-0: Ground out 6-3 (Groundball, 6, EV 88.1 MPH)
|
|
Batting: LHB Jimmy Edlin
|
0-0: Ball 1-0: Foul Ball, location: 2F 1-1: Foul Ball, location: 2F 1-2: Strikes out looking
|
| Top of the 5th over - 0 runs, 0 hits, 0 errors, 0 left on base; Greeneville 1 - Boston (APP) 21 |
| BOTTOM OF THE 5TH |
|
Boston (APP) Red Sox batting - Pitching for Greeneville Astros : RHP Guo-ning Chen
|
|
Pitching: RHP Alexander Hagan
|
|
|
Batting: LHB Frank Olivo
|
0-0: Foul Ball, location: 2F 0-1: Ball 1-1: Ball 2-1: Swinging Strike 2-2: Strikes out swinging
|
|
Batting: RHB Frank Sokolosky
|
0-0: Ball 1-0: Fly out, F8 (Line Drive, 8RD, EV 93.8 MPH)
|
|
Batting: RHB Matt Hinkle
|
0-0: Called Strike 0-1: Foul Ball, location: 2F 0-2: SINGLE (Groundball, 3D, EV 96.9 MPH)
|
|
Batting: RHB Mike Strey
|
0-0: Ball 1-0: Ball 2-0: Called Strike 2-1: Foul Ball, location: 2F 2-2: 2-RUN HOME RUN (Flyball, 78XD, EV 106.9 MPH), Distance : 406 ft
|
|
Batting: RHB Dominique Paolozzi
|
0-0: Ball 1-0: Called Strike 1-1: Swinging Strike 1-2: Strikes out looking
|
| Bottom of the 5th over - 2 runs, 2 hits, 0 errors, 0 left on base; Greeneville 1 - Boston (APP) 23 |
| TOP OF THE 6TH |
|
Greeneville Astros batting - Pitching for Boston (APP) Red Sox : LHP Nick Barnes
|
|
Batting: RHB Jason Monico
|
0-0: Ball 1-0: Ball 2-0: Swinging Strike 2-1: Swinging Strike 2-2: Strikes out swinging
|
|
Batting: RHB Nate Britton
|
0-0: Called Strike 0-1: Ball 1-1: Swinging Strike 1-2: Strikes out looking
|
|
Batting: RHB Ryan Salas
|
0-0: Ball 1-0: Ground out 6-3 (Groundball, 6, EV 85.6 MPH)
|
| Top of the 6th over - 0 runs, 0 hits, 0 errors, 0 left on base; Greeneville 1 - Boston (APP) 23 |
| BOTTOM OF THE 6TH |
|
Boston (APP) Red Sox batting - Pitching for Greeneville Astros : RHP Alexander Hagan
|
|
Pitching: RHP Josh Willig
|
|
|
Batting: RHB Rogelio Cervantes
|
0-0: Ball 1-0: Ball 2-0: Ball 3-0: Base on Balls
|
|
Batting: RHB Joe Booth
|
0-0: Ball 1-0: Ball 2-0: Fielders Choice at 2nd, 6-4 (Groundball, 6, EV 83.8 MPH)
|
|
Batting: LHB Stanislav Parusov
|
0-0: Called Strike 0-1: Ball 1-1: Fly out, F5 (Popup, 5SF, EV 80.6 MPH)
|
|
Batting: RHB William Lung
|
0-0: Fielders Choice at 2nd, 6-4 (Groundball, 56, EV 100.6 MPH)
|
| Bottom of the 6th over - 0 runs, 0 hits, 0 errors, 1 left on base; Greeneville 1 - Boston (APP) 23 |
| TOP OF THE 7TH |
|
Greeneville Astros batting - Pitching for Boston (APP) Red Sox : LHP Nick Barnes
|
|
Batting: RHB Ramon Castellon
|
0-0: Fly out, F8 (Flyball, 8RS, EV 84.4 MPH)
|
|
Batting: RHB Bruce Bermudez
|
0-0: Called Strike 0-1: Foul Ball, location: 2F 0-2: Strikes out swinging
|
|
Batting: RHB Jorge Gutierrez
|
0-0: Foul Ball, location: 2F 0-1: Swinging Strike 0-2: Foul Ball, location: 2F 0-2: Ball 1-2: Ground out 6-3 (Groundball, 6S, EV 85.0 MPH)
|
| Top of the 7th over - 0 runs, 0 hits, 0 errors, 0 left on base; Greeneville 1 - Boston (APP) 23 |
| BOTTOM OF THE 7TH |
|
Boston (APP) Red Sox batting - Pitching for Greeneville Astros : RHP Josh Willig
|
|
Batting: LHB Frank Olivo
|
0-0: Called Strike 0-1: Foul Ball, location: 2F 0-2: Ball 1-2: Ball 2-2: Ball 3-2: Foul Ball, location: 2F 3-2: Base on Balls
|
|
Pitching: RHP Jaquan Alston
|
|
|
Batting: RHB Frank Sokolosky
|
0-0: Called Strike 0-1: Foul Ball, location: 2F 0-2: Strikes out swinging
|
|
Batting: RHB Matt Hinkle
|
0-0: Ball Wild Pitch! Frank Olivo to second 1-0: Ball 2-0: Ball 3-0: Base on Balls
|
|
Batting: RHB Mike Strey
|
0-0: Foul Ball, location: 2F 0-1: Foul Ball, location: 2F 0-2: Ball 1-2: Foul Ball, location: 2F 1-2: Strikes out looking
|
|
Batting: RHB Dominique Paolozzi
|
0-0: Ball 1-0: Reached on error, E6 (Groundball, 6, EV 80.0 MPH) Frank Olivo to third Matt Hinkle to second
|
|
Batting: RHB Rogelio Cervantes
|
0-0: DOUBLE (Groundball, 5L, EV 100.6 MPH) Frank Olivo scores Matt Hinkle scores Dominique Paolozzi to third
|
|
Batting: RHB Joe Booth
|
0-0: 3-RUN HOME RUN (Flyball, 7LD, EV 91.9 MPH), Distance : 348 ft
|
|
Batting: LHB Stanislav Parusov
|
0-0: Ball 1-0: Ball 2-0: Called Strike 2-1: Foul Ball, location: 2F 2-2: Ball 3-2: Ground out 5-3 (Groundball, 56, EV 84.4 MPH)
|
| Bottom of the 7th over - 5 runs, 2 hits, 1 error, 0 left on base; Greeneville 1 - Boston (APP) 28 |
| TOP OF THE 8TH |
|
Greeneville Astros batting - Pitching for Boston (APP) Red Sox : LHP Nick Barnes
|
|
Batting: LHB Josh Birkner
|
0-0: Ball 1-0: Ball 2-0: Fly out, F4 (Line Drive, 4, EV 69.4 MPH)
|
|
Batting: RHB Erik Smith
|
0-0: Ball 1-0: Called Strike 1-1: Ball 2-1: Ball 3-1: Called Strike 3-2: Foul Ball, location: 2F 3-2: Strikes out swinging, 2-3 out at first.
|
|
Batting: LHB Jimmy Edlin
|
0-0: Ground out 4-3 (Groundball, 34D, EV 109.4 MPH)
|
| Top of the 8th over - 0 runs, 0 hits, 0 errors, 0 left on base; Greeneville 1 - Boston (APP) 28 |
| BOTTOM OF THE 8TH |
|
Boston (APP) Red Sox batting - Pitching for Greeneville Astros : RHP Jaquan Alston
|
|
Pitching: RHP Oscar Andrade
|
|
|
Batting: RHB William Lung
|
0-0: Ball 1-0: Foul Ball, location: 2F 1-1: SINGLE (Groundball, 34S, EV 80.0 MPH) (infield hit)
|
|
Batting: LHB Frank Olivo
|
0-0: Fly out, F5 (Popup, 25F, EV 85.0 MPH)
|
|
Batting: RHB Frank Sokolosky
|
0-0: Fielders Choice at 2nd, 4-6 (Groundball, 4, EV 108.1 MPH)
|
|
Batting: RHB Matt Hinkle
|
0-0: Called Strike 0-1: Foul Ball, location: 2F 0-2: SINGLE (Groundball, 56, EV 96.9 MPH) Frank Sokolosky to second
|
|
Batting: RHB Mike Strey
|
0-0: Foul Ball, location: 2F 0-1: Swinging Strike 0-2: Ball 1-2: Fielders Choice at 2nd, 6-4 (Groundball, 6, EV 105.6 MPH)
|
| Bottom of the 8th over - 0 runs, 2 hits, 0 errors, 2 left on base; Greeneville 1 - Boston (APP) 28 |
| TOP OF THE 9TH |
|
Greeneville Astros batting - Pitching for Boston (APP) Red Sox : LHP Nick Barnes
|
|
Pitching: RHP Victor Fuentes
|
|
|
Batting: RHB Jason Monico
|
0-0: Ball 1-0: Ground out 6-3 (Groundball, 6M, EV 82.5 MPH)
|
|
Batting: RHB Nate Britton
|
0-0: Swinging Strike 0-1: Ball 1-1: Foul Ball, location: 2F 1-2: Ball 2-2: Strikes out swinging
|
|
Batting: RHB Ryan Salas
|
0-0: Fly out, F8 (Flyball, 78D, EV 102.5 MPH)
|
| Top of the 9th over - 0 runs, 0 hits, 0 errors, 0 left on base; Greeneville 1 - Boston (APP) 28 |
|